TOP OF THE 1ST |
Baffin Island Beavers batting - Pitching for Niagara Falls Frenzy : LHP Manuel Rodríguez
|
Pitching: LHP Manuel Rodríguez
|
|
Batting: LHB Chris Bates
|
0-0: Ball 1-0: Foul Ball, location: 2F 1-1: Swinging Strike 1-2: Fly out, F6 (Popup, 6MD)
|
Batting: RHB José García
|
0-0: Swinging Strike 0-1: Foul Ball, location: 2F 0-2: Ball 1-2: SINGLE (Flyball, 8RS)
|
Batting: SHB Alonso Ferreira
|
0-0: Swinging Strike 0-1: Ball 1-1: Ball 2-1: Grounds into double play, 1-4-3 (Groundball, 13S)
|
Top of the 1st over - 0 run(s), 1 hit(s), 0 error(s), 0 left on base; Baffin Island 0 - Niagara Falls 0 |
BOTTOM OF THE 1ST |
Niagara Falls Frenzy batting - Pitching for Baffin Island Beavers : RHP Armando Pérez
|
Pitching: RHP Armando Pérez
|
|
Batting: LHB Clyde Yarbrough
|
0-0: Foul Ball, location: 2F 0-1: Swinging Strike 0-2: Ball 1-2: Ground out U3 (Groundball, 3)
|
Batting: LHB Dante Owens
|
0-0: Ball 1-0: Ball 2-0: Ground out 4-3 (Groundball, 34)
|
Batting: SHB Ray Burgess
|
0-0: Called Strike 0-1: Ground out 3-1 (Groundball, 34)
|
Bottom of the 1st over - 0 run(s), 0 hit(s), 0 error(s), 0 left on base; Baffin Island 0 - Niagara Falls 0 |
TOP OF THE 2ND |
Baffin Island Beavers batting - Pitching for Niagara Falls Frenzy : LHP Manuel Rodríguez
|
Batting: RHB Tony Morton
|
0-0: Called Strike 0-1: Ball 1-1: Ball 2-1: SINGLE (Groundball, 6MD)
|
Batting: LHB Jerry Bryan
|
0-0: Called Strike 0-1: Foul Ball, location: 2F 0-2: Ball Wild Pitch! Tony Morton to second 1-2: Ball 2-2: SINGLE (Line Drive, 8LS) Tony Morton to third Runner from 3rd tries for Home, SAFE, no throw or cutoff
|
Batting: LHB Jeff Cole
|
0-0: Swinging Strike 0-1: Ball 1-1: Ball Error on foul ball, E3 2-2: Ball 3-2: Reached on error, E4 (Groundball, 4) Jerry Bryan to second
|
Batting: LHB Victor Howard
|
0-0: Ball 1-0: Called Strike 1-1: Fly out, F8 (Flyball, 8LM)
|
Batting: LHB Keng-chi Lao
|
0-0: Ball 1-0: Called Strike 1-1: Ball 2-1: SINGLE (Line Drive, 56) Jerry Bryan to third Jeff Cole to second Runner from 3rd tries for Home, SAFE, throw made home Jeff Cole to third Keng-chi Lao to second
|
Batting: RHB Dave Craig
|
0-0: Ball 1-0: Ground out 1-3 (Groundball, 25)
|
Batting: LHB Chris Bates
|
0-0: Ball 1-0: Ground out 4-3 (Groundball, 4)
|
Top of the 2nd over - 2 run(s), 3 hit(s), 2 error(s), 2 left on base; Baffin Island 2 - Niagara Falls 0 |
BOTTOM OF THE 2ND |
Niagara Falls Frenzy batting - Pitching for Baffin Island Beavers : RHP Armando Pérez
|
Batting: LHB Donovan Bird
|
0-0: Ball 1-0: Ball 2-0: Ground out 2-3 (Groundball, 2R)
|
Batting: SHB Martín De Jesús
|
0-0: Ball 1-0: Called Strike 1-1: Ball 2-1: Ball 3-1: Swinging Strike 3-2: Base on Balls
|
Batting: RHB Lawrence Schroeder
|
0-0: Ball 1-0: Foul Ball, location: 2F 1-1: Ball 2-1: Grounds into double play, 4-6-3 (Groundball, 4)
|
Bottom of the 2nd over - 0 run(s), 0 hit(s), 0 error(s), 0 left on base; Baffin Island 2 - Niagara Falls 0 |
TOP OF THE 3RD |
Baffin Island Beavers batting - Pitching for Niagara Falls Frenzy : LHP Manuel Rodríguez
|
Batting: RHB José García
|
0-0: Foul Ball, location: 2F 0-1: Ball 1-1: Foul Ball, location: 2F 1-2: SINGLE (Groundball, 56D)
|
Batting: SHB Alonso Ferreira
|
0-0: Ball 1-0: Called Strike 1-1: Called Strike 1-2: Grounds into double play, 6-4-3 (Groundball, 6M)
|
Batting: RHB Tony Morton
|
0-0: Ball 1-0: Ball 2-0: Ball 3-0: Called Strike 3-1: Called Strike 3-2: Foul Ball, location: 2F 3-2: Ground out 6-3 (Groundball, 6)
|
Top of the 3rd over - 0 run(s), 1 hit(s), 0 error(s), 0 left on base; Baffin Island 2 - Niagara Falls 0 |
BOTTOM OF THE 3RD |
Niagara Falls Frenzy batting - Pitching for Baffin Island Beavers : RHP Armando Pérez
|
Batting: RHB Ángel Hinojosa
|
0-0: Swinging Strike 0-1: Ball 1-1: Foul Ball, location: 2F 1-2: Strikes out swinging
|
Batting: RHB Juan Carlos Rodríguez
|
0-0: Ball 1-0: Foul Ball, location: 2F 1-1: Ball 2-1: Reached on Error, E9 (Flyball, 9LM)
|
Batting: RHB Gerald Burnett
|
0-0: Called Strike 0-1: Ball 1-1: Ball 2-1: Ball 3-1: Foul Ball, location: 2F 3-2: SINGLE (Line Drive, 34) Juan Carlos Rodríguez to second
|
Batting: LHB Clyde Yarbrough
|
0-0: Foul Ball, location: 2F 0-1: Ball 1-1: Grounds into double play, 6-4-3 (Groundball, 6)
|
Bottom of the 3rd over - 0 run(s), 1 hit(s), 1 error(s), 1 left on base; Baffin Island 2 - Niagara Falls 0 |
TOP OF THE 4TH |
Baffin Island Beavers batting - Pitching for Niagara Falls Frenzy : LHP Manuel Rodríguez
|
Batting: LHB Jerry Bryan
|
0-0: Foul Ball, location: 2F 0-1: Foul Ball, location: 2F 0-2: Ball 1-2: Fly out, F7 (Flyball, 78D)
|
Batting: LHB Jeff Cole
|
0-0: Ball 1-0: Foul Ball, location: 2F 1-1: Ball 2-1: Foul Ball, location: 2F 2-2: Foul Ball, location: 2F 2-2: Foul Ball, location: 2F 2-2: Foul Ball, location: 2F 2-2: Foul Ball, location: 2F 2-2: Ball 3-2: Ground out 4-3 (Groundball, 4)
|
Batting: LHB Victor Howard
|
0-0: Ball 1-0: Ground out 4-3 (Groundball, 4)
|
Top of the 4th over - 0 run(s), 0 hit(s), 0 error(s), 0 left on base; Baffin Island 2 - Niagara Falls 0 |
BOTTOM OF THE 4TH |
Niagara Falls Frenzy batting - Pitching for Baffin Island Beavers : RHP Armando Pérez
|
Batting: LHB Dante Owens
|
0-0: Fly out, F7 (Flyball, 7LM)
|
Batting: SHB Ray Burgess
|
0-0: Called Strike 0-1: Swinging Strike 0-2: Foul Ball, location: 2F 0-2: Strikes out swinging
|
Batting: LHB Donovan Bird
|
0-0: SINGLE (Groundball, 34D) (infield hit)
|
Batting: SHB Martín De Jesús
|
0-0: Ball 1-0: Called Strike 1-1: Ball 2-1: Ball 3-1: Foul Ball, location: 2F 3-2: Strikes out looking
|
Bottom of the 4th over - 0 run(s), 1 hit(s), 0 error(s), 1 left on base; Baffin Island 2 - Niagara Falls 0 |
TOP OF THE 5TH |
Baffin Island Beavers batting - Pitching for Niagara Falls Frenzy : LHP Manuel Rodríguez
|
Batting: LHB Keng-chi Lao
|
0-0: Ball 1-0: Swinging Strike 1-1: Ball 2-1: SINGLE (Groundball, 3L)
|
Batting: RHB Dave Craig
|
0-0: Ball 1-0: Ball 2-0: DOUBLE (Line Drive, 9LM) Keng-chi Lao to third
|
Batting: LHB Chris Bates
|
0-0: Called Strike 0-1: Swinging Strike 0-2: Foul Ball, location: 2F 0-2: Strikes out swinging
|
Batting: RHB José García
|
0-0: Ball 1-0: Ball 2-0: Ball 3-0: Called Strike 3-1: Called Strike 3-2: Foul Ball, location: 2F 3-2: Ground out 4-3 (Groundball, 4M) Keng-chi Lao scores Dave Craig to third
|
Batting: SHB Alonso Ferreira
|
0-0: Ball 1-0: Called Strike 1-1: Foul Ball, location: 2F 1-2: Strikes out swinging
|
Top of the 5th over - 1 run(s), 2 hit(s), 0 error(s), 1 left on base; Baffin Island 3 - Niagara Falls 0 |
BOTTOM OF THE 5TH |
Niagara Falls Frenzy batting - Pitching for Baffin Island Beavers : RHP Armando Pérez
|
Batting: RHB Lawrence Schroeder
|
0-0: SINGLE (Line Drive, 89S)
|
Batting: RHB Ángel Hinojosa
|
0-0: Called Strike 0-1: Ball 1-1: Called Strike 1-2: Strikes out swinging
|
Batting: RHB Juan Carlos Rodríguez
|
0-0: Called Strike 0-1: Grounds into double play, U6-3 (Groundball, 6)
|
Bottom of the 5th over - 0 run(s), 1 hit(s), 0 error(s), 0 left on base; Baffin Island 3 - Niagara Falls 0 |
TOP OF THE 6TH |
Baffin Island Beavers batting - Pitching for Niagara Falls Frenzy : LHP Manuel Rodríguez
|
Batting: RHB Tony Morton
|
0-0: Ball 1-0: Fly out, F6 (Popup, 6MD)
|
Batting: LHB Jerry Bryan
|
0-0: SOLO HOME RUN (Flyball, 9D), Distance : 374 ft
|
Batting: LHB Jeff Cole
|
0-0: Ball 1-0: Foul Ball, location: 2F 1-1: Swinging Strike 1-2: Foul Ball, location: 2F 1-2: Ball 2-2: SINGLE (Line Drive, 7S)
|
Pitching: RHP Armando López
|
|
Batting: LHB Victor Howard
|
0-0: Ball 1-0: Ball 2-0: Swinging Strike 2-1: Foul Ball, location: 2F 2-2: Foul Ball, location: 2F 2-2: Fly out, F6 (Popup, 56D)
|
Batting: LHB Keng-chi Lao
|
0-0: Foul Ball, location: 2F 0-1: Ball 1-1: Ball 2-1: Called Strike 2-2: SINGLE (Line Drive, 8RS) Jeff Cole to second Runner from 2nd tries for 3rd, SAFE, no throw or cutoff
|
Batting: RHB Dave Craig
|
0-0: Called Strike 0-1: Ball 1-1: Ground out 5-3 (Groundball, 5S)
|
Top of the 6th over - 1 run(s), 3 hit(s), 0 error(s), 2 left on base; Baffin Island 4 - Niagara Falls 0 |
BOTTOM OF THE 6TH |
Niagara Falls Frenzy batting - Pitching for Baffin Island Beavers : RHP Armando Pérez
|
Batting: RHB Gerald Burnett
|
0-0: Ball 1-0: Foul Ball, location: 2F 1-1: Ball 2-1: Swinging Strike 2-2: Foul Ball, location: 2F 2-2: Ball 3-2: Strikes out swinging
|
Batting: LHB Clyde Yarbrough
|
0-0: Foul Ball, location: 2F 0-1: Foul Ball, location: 2F 0-2: Reached on Error, E4 (Line Drive, 4)
|
Batting: LHB Dante Owens
|
0-0: Ball 1-0: Fly out, F8 (Flyball, 8LS)
|
Batting: SHB Ray Burgess
|
0-0: Called Strike 0-1: Swinging Strike 0-2: Ground out 4-3 (Groundball, 4)
|
Bottom of the 6th over - 0 run(s), 0 hit(s), 1 error(s), 1 left on base; Baffin Island 4 - Niagara Falls 0 |
TOP OF THE 7TH |
Baffin Island Beavers batting - Pitching for Niagara Falls Frenzy : RHP Armando López
|
Batting: LHB Chris Bates
|
0-0: Ball 1-0: Ball 2-0: SINGLE (Line Drive, 34D)
|
Batting: RHB José García
|
0-0: Ball 1-0: SINGLE (Groundball, 4D) (infield hit) Chris Bates to second
|
Batting: SHB Alonso Ferreira
|
0-0: Swinging Strike 0-1: Foul Ball, location: 2F 0-2: Foul Ball, location: 2F 0-2: Ball 1-2: Fielders Choice at 2nd, 5-4 (Groundball, 5D) Chris Bates to third
|
Batting: RHB Tony Morton
|
0-0: Called Strike 0-1: Ball 1-1: Ball 2-1: Ball 3-1: Fly out, F8 (Flyball, 89S)
|
Batting: LHB Jerry Bryan
|
0-0: Ball 1-0: Ball 2-0: Foul Ball, location: 2F 2-1: Foul Ball, location: 2F 2-2: Foul Ball, location: 2F 2-2: Ball 3-2: Fly out, F8 (Flyball, 8LD)
|
Top of the 7th over - 0 run(s), 2 hit(s), 0 error(s), 2 left on base; Baffin Island 4 - Niagara Falls 0 |
BOTTOM OF THE 7TH |
Niagara Falls Frenzy batting - Pitching for Baffin Island Beavers : RHP Armando Pérez
|
Batting: LHB Donovan Bird
|
0-0: Ball 1-0: Ball 2-0: Called Strike 2-1: SINGLE (Groundball, 4MD)
|
Batting: SHB Martín De Jesús
|
0-0: Called Strike 0-1: Fielders Choice at 2nd, 6-4 (Groundball, 6M)
|
Batting: RHB Lawrence Schroeder
|
0-0: Ball Martín De Jesús steals 2nd base 1-0: Ball 2-0: Ball 3-0: Swinging Strike 3-1: Ground out 4-3 (Groundball, 4) Martín De Jesús to third
|
Batting: RHB Ángel Hinojosa
|
0-0: Ball 1-0: Ball 2-0: Ball 3-0: Called Strike 3-1: Ground out 6-3 (Groundball, 6M)
|
Bottom of the 7th over - 0 run(s), 1 hit(s), 0 error(s), 1 left on base; Baffin Island 4 - Niagara Falls 0 |
TOP OF THE 8TH |
Baffin Island Beavers batting - Pitching for Niagara Falls Frenzy : RHP Armando López
|
Batting: LHB Jeff Cole
|
0-0: Ball 1-0: Foul Ball, location: 2F 1-1: DOUBLE (Line Drive, 9LM)
|
Pitching: RHP Ángel Francisco
|
|
Batting: LHB Victor Howard
|
0-0: Called Strike 0-1: Swinging Strike 0-2: Fly out, F7 (Flyball, 7S)
|
Batting: LHB Keng-chi Lao
|
0-0: Ball 1-0: Called Strike 1-1: Ground out 4-3 (Groundball, 4M) Jeff Cole to third
|
Batting: RHB Dave Craig
|
0-0: Called Strike 0-1: Fly out, F7 (Flyball, 78S)
|
Top of the 8th over - 0 run(s), 1 hit(s), 0 error(s), 1 left on base; Baffin Island 4 - Niagara Falls 0 |
BOTTOM OF THE 8TH |
Niagara Falls Frenzy batting - Pitching for Baffin Island Beavers : RHP Armando Pérez
|
Batting: RHB Juan Carlos Rodríguez
|
0-0: Foul Ball, location: 2F 0-1: Foul Ball, location: 2F 0-2: SINGLE (Groundball, 56)
|
Batting: RHB Gerald Burnett
|
0-0: Ball 1-0: Called Strike 1-1: Foul Ball, location: 2F 1-2: Foul Ball, location: 2F 1-2: Ball 2-2: Ball 3-2: Strikes out swinging
|
Batting: LHB Clyde Yarbrough
|
0-0: Called Strike 0-1: Ball 1-1: Ball 2-1: Ball 3-1: Foul Ball, location: 2F 3-2: Base on Balls Juan Carlos Rodríguez to second
|
Batting: LHB Dante Owens
|
0-0: Ball 1-0: Swinging Strike 1-1: Ball 2-1: Ball 3-1: Called Strike 3-2: Base on Balls Juan Carlos Rodríguez to third Clyde Yarbrough to second
|
Pitching: RHP Bartolo García
|
|
Batting: SHB Ray Burgess
|
0-0: Ball 1-0: Called Strike 1-1: Fly out, F6 (Popup, 6MD)
|
Pitching: LHP Thomas Heath
|
|
Batting: LHB Donovan Bird
|
0-0: Called Strike 0-1: Swinging Strike 0-2: Ball 1-2: DOUBLE (Flyball, 9D) Juan Carlos Rodríguez scores Clyde Yarbrough scores Dante Owens to third Runner from 3rd tries for Home, SAFE, no throw or cutoff
|
Pitching: LHP Manuel Parra
|
|
Pinch Hitting: RHB Eichiro Yamamoto
|
0-0: Ball 1-0: Called Strike 1-1: Swinging Strike 1-2: Ball 2-2: Foul Ball, location: 2F 2-2: Ball 3-2: Base on Balls
|
Pitching: RHP Eduardo Ramos
|
|
Batting: RHB Lawrence Schroeder
|
0-0: Reached on error, E6 (Groundball, 6) Donovan Bird to third Eichiro Yamamoto to second
|
Pitching: RHP António Ramos
|
|
Pinch Hitting: SHB Shumei Yokoyama
|
0-0: Ball 1-0: Ball 2-0: Called Strike 2-1: Foul Ball, location: 2F 2-2: SINGLE (Line Drive, 56) Donovan Bird scores Eichiro Yamamoto to third Lawrence Schroeder to second Runner from 3rd tries for Home, SAFE, no throw or cutoff
|
Pinch Hitting: LHB Seung-woo Yi
|
0-0: Foul Ball, location: 2F 0-1: DOUBLE (Line Drive, 8RM) Lawrence Schroeder scores Shumei Yokoyama to third
|
Batting: RHB Gerald Burnett
|
0-0: Called Strike 0-1: Ground out 1-3 (Groundball, 15)
|
Bottom of the 8th over - 6 run(s), 4 hit(s), 1 error(s), 2 left on base; Baffin Island 4 - Niagara Falls 6 |
TOP OF THE 9TH |
Baffin Island Beavers batting - Pitching for Niagara Falls Frenzy : RHP Ángel Francisco
|
Pitching: RHP Esteban Juárez
|
|
Now at 1B: Juan Sánchez
|
|
Now at 3B: Seung-woo Yi
|
|
Now at SS: Bryce Hester
|
|
Batting: LHB Chris Bates
|
0-0: Called Strike 0-1: SINGLE (Groundball, 4MD)
|
Batting: RHB José García
|
0-0: Ball 1-0: Foul Ball, location: 2F 1-1: Foul Ball, location: 2F 1-2: Foul Ball, location: 2F 1-2: SINGLE (Groundball, 56D) Chris Bates to second
|
Batting: SHB Alonso Ferreira
|
0-0: Ball 1-0: Called Strike 1-1: Foul Ball, location: 2F 1-2: Ball 2-2: SINGLE (Groundball, 56D) Chris Bates to third José García to second Runner from 3rd tries for Home, SAFE, no throw or cutoff
|
Batting: RHB Tony Morton
|
0-0: Ball 1-0: Foul Ball, location: 2F 1-1: Ball 2-1: Called Strike 2-2: Strikes out swinging
|
Batting: LHB Jerry Bryan
|
0-0: Foul Ball, location: 2F 0-1: Called Strike 0-2: Strikes out swinging
|
Batting: LHB Jeff Cole
|
0-0: Ball 1-0: Ball 2-0: Ball 3-0: Base on Balls José García to third Alonso Ferreira to second
|
Batting: LHB Victor Howard
|
0-0: Ball 1-0: Called Strike 1-1: Foul Ball, location: 2F 1-2: Fly out, F9 (Flyball, 9S)
|
Top of the 9th over - 1 run(s), 3 hit(s), 0 error(s), 3 left on base; Baffin Island 5 - Niagara Falls 6 |
|